 Dungeon Crawl Stone Soup version 0.24-a0-520-g8fd06ad0bc (console) character file.

Game seed: 549765952180938274

24 nht the Insei (level 2, 0/20 HPs)
             Began as a Vampire Transmuter on July 24, 2019.
             Slain by an adder (3 damage)
             ... on level 2 of the Dungeon.
             The game lasted 00:01:45 (644 turns).

nht the Insei (Vampire Transmuter)                   Turns: 644, Time: 00:01:46

Health: 0/20       AC:  3    Str:  9    XL:     2   Next: 79%
Magic:  5/5        EV: 12    Int: 15    God:
Gold:   30         SH:  0    Dex: 14    Spells: 4/5 levels left

rFire    . . .     SeeInvis +     - Unarmed
rCold    . . .     Gourm    .   (no shield)
rNeg     + . .     Faith    .   b - +0 robe
rPois    .         Spirit   .   c - +0 helmet
rElec    .         Reflect  .   (no cloak)
rCorr    .         Harm     .   (no gloves)
MR       .....                  (boots currently unavailable)
Stlth    +.........             (no amulet)
HPRegen  0.26/turn              i - ring of wizardry
MPRegen  0.09/turn              j - ring of positive energy

@: lethally poisoned (0 -> -3), appendage (expiring), regenerating quickly
A: no food, fangs 3, talons 3, see invisible, unbreathing
a: Exsanguinate, End Transformation


You were on level 2 of the Dungeon.
You were alive.
You had grown temporary talons.
You visited 1 branch of the dungeon, and saw 2 of its levels.

You collected 30 gold pieces.

Inventory:

Missiles
 a - 34 arrows
 e - 8 atropa-tipped darts (quivered)
 g - 20 poisoned darts
 h - a throwing net
Armour
 b - a +0 robe (worn)
 c - a +0 helmet (worn)
Jewellery
 i - a ring of wizardry (left hand)
 j - a ring of positive energy (right hand)
Scrolls
 k - a scroll of fear
Potions
 d - a potion of agility {unknown}
 f - a potion of ambrosia {unknown}
 l - a potion of degeneration {unknown}


   Skills:
 - Level 0.8 Fighting
 - Level 2.1 Dodging
 * Level 4.2 Unarmed Combat
 - Level 2.0 Spellcasting
 + Level 2.7 Transmutations


You had 4 spell levels left.
You knew the following spells:

 Your Spells              Type           Power        Failure   Level  Hunger
a - Beastly Appendage     Tmut           #.....       2%          1    N/A

Your spell library contained the following spells:

 Spells                   Type           Power        Failure   Level  Hunger
 Sticks to Snakes         Tmut           #.......     4%          2    N/A
 Spider Form              Tmut/Pois      #.........   16%         3    N/A
 Ice Form                 Ice/Tmut       #.......     43%         4    N/A
 Blade Hands              Tmut           #.........   58%         5    N/A

Dungeon Overview and Level Annotations

Branches:
Dungeon (2/15)

Altars:


Innate Abilities, Weirdness & Mutations

You do not eat.
Your natural rate of healing is unusually fast.
You have razor-sharp teeth.
You have supernaturally acute eyesight. (SInv)
You can survive without breathing.
You have claws for feet.


Message History

You hit the adder. Your kick misses the adder.
The adder is almost dead.
The adder bites you.
The giant cockroach bites you but does no damage.
Unknown command.
You miss the adder. Your kick misses the adder.
The adder is almost dead.
You feel sick. The adder bites you but does no damage.
The giant cockroach bites you but does no damage.
Unknown command.
You hit the adder but do no damage.
The adder is almost dead.
You feel sick. The adder barely misses you. The giant cockroach bites you.
You miss the adder.
The adder is almost dead.
The adder bites you.
* * * LOW HITPOINT WARNING * * *
The giant cockroach bites you but does no damage.
The adder bites you.
You die... ..........█ █████ .... .███.....██ ███...█ █.?██ █..█ ██.██ █(?█

██..█
█.@.█
█S█s?..█
█....███
...█.█
.██. .█
.. .. ..
██ █.█
..


You could see an adder and a giant cockroach.

Vanquished Creatures
  A dart slug (D:1)
  2 leopard geckos (D:1)
  A giant cockroach (D:1)
  2 goblins (D:1)
  6 hobgoblins (D:1)
  4 bats
  3 kobolds (D:1)
  A rat (D:1)
20 creatures vanquished.

Notes
Turn   | Place    | Note
-------+----------+-------------------------------------------
     0 | D:1      | nht the Vampire Transmuter began the quest for the Orb.
     0 | D:1      | Reached XP level 1. HP: 14/14 MP: 3/3
   167 | D:1      | Reached XP level 2. HP: 20/20 MP: 3/5
   296 | D:1      | Reached skill level 4 in Unarmed Combat
   644 | D:2      | Slain by an adder

Levels and vault maps discovered:
D:1:      dpeg_arrival_pits, layout_loops_ring
D:2:      layout_rooms

Skill      XL: |  1  2 |
---------------+-------+-----
Unarmed Combat | 4 |  4.2
Fighting       | |  0.8
Dodging        | |  2.1
Spellcasting   | |  2.0
Transmutations | |  2.7

Action                   || total
-------------------------++-------
Melee: Unarmed           ||    70
       Bite              ||     3
       Kick              ||     8
 Cast: Beastly Appendage ||    14
  Use: Scroll            ||     2
 Stab: Sleeping          ||     2
Armor: Robe              ||    20
Dodge: Dodged            ||    46

Table legend:
 A = Non-vault XP
 B = Vault XP
 C = Vault XP percentage of total XP
 D = Non-vault monster count
 E = Vault monster count
 F = Vault count percentage of total count
                 A         B        C        D         E       F
            +---------+---------+-------+---------+---------+-------
      Total |      35 |       0 |   0.0 |      20 |       0 |   0.0
            +---------+---------+-------+---------+---------+-------
        D:1 |      34 |       0 |   0.0 |      19 |       0 |   0.0
        D:2 |       1 |       0 |   0.0 |       1 |       0 |   0.0
            +---------+---------+-------+---------+---------+-------
